 Dungeon Crawl Stone Soup version 0.18-a0-1418-ga86aa8f (webtiles) character file.

127 Tomstefer the Conjurer (level 4, 0/27 HPs)
             Began as a High Elf Conjurer on Feb 26, 2016.
             Slain by an orc wizard
             ... wielding a +0 dagger
              (4 damage)
             ... on level 4 of the Dungeon.
             The game lasted 00:07:56 (3536 turns).

Tomstefer the Conjurer (High Elf Conjurer)          Turns: 3536, Time: 00:07:57

Health: 0/27       AC:  4    Str:  7    XL:     4   Next: 85%
Magic:  0/8        EV: 13    Int: 19    God:
Gold:   191        SH:  0    Dex: 16    Spells: 2 memorised, 4 levels left

rFire  . . .     SeeInvis .     q - +0 long sword
rCold  . . .     Gourm    .     a - +0 robe
rNeg   . . .     Faith    .     (no shield)
rPois  .         Spirit   .     s - +0 helmet
rElec  .         Dismiss  .     v - +0 cloak
rCorr  .         Reflect  .     (no gloves)
SustAt .         Harm     .     (no boots)
MR     .....                    (no amulet)
Stlth  ++........               (no ring)
                                (no ring)

@: not resistant to hostile enchantments, unstealthy
A: no striking features
a: no special abilities


You were on level 4 of the Dungeon.
You were not hungry.

You visited 1 branch of the dungeon, and saw 4 of its levels.

You collected 191 gold pieces.

Inventory:

Hand Weapons
 q - a +0 long sword (weapon)
Armour
 a - a +0 robe (worn)
 s - a +0 helmet (worn)
 v - a +0 cloak (worn)
Magical Staves
 t - an uncursed staff of death
Wands
 o - a wand of flame (22/48)
Scrolls
 e - 3 scrolls of blinking
 g - a scroll of immolation
 i - 2 scrolls of enchant armour
 j - 3 scrolls of fear
 k - 2 scrolls of remove curse {unknown}
 l - a scroll of noise {unknown}
 m - a scroll of random uselessness {unknown}
Potions
 d - a potion of brilliance {unknown}
 n - a potion of mutation
 u - a potion of flight {unknown}
Books
 b - a book of Conjurations

   Spells                             Type                      Level
   a - Magic Dart                     Conjuration                  1
   b - Searing Ray                    Conjuration                  2
   c - Dazzling Spray                 Conjuration/Hexes            3
   d - Fulminant Prism                Conjuration/Hexes            4
   e - Iskenderun's Mystic Blast      Conjuration                  4
   f - Iskenderun's Battlesphere      Conjuration/Charms           5
Comestibles
 c - 3 bread rations
 f - 2 beef jerkies
 h - 5 meat rations
 p - 2 fruits
 r - a chunk of flesh


   Skills:
 - Level 2.1 Dodging
 - Level 2.1 Stealth
 - Level 2.4 Spellcasting
 + Level 6.8 Conjurations


You had 4 spell levels left.
You knew the following spells:

 Your Spells              Type           Power        Failure   Level  Hunger
a - Magic Dart            Conj           ####         1%          1    #......
b - Searing Ray           Conj           ####..       1%          2    ##.....


Dungeon Overview and Level Annotations

Branches:
Dungeon (4/15)
 Temple: D:4-7

Altars:

Annotations:
D:3 Tomstefer's ghost, amateur TeCj


Message History

You miss something. Something hits you but does no damage.
Casting: Searing Ray
Confirm with . or Enter, or press ? or * to list all spells.
You can't see any susceptible monsters within range! (Use Z to cast anyway.)
Casting: Searing Ray
Confirm with . or Enter, or press ? or * to list all spells.
You don't know that spell.
Casting: Searing Ray
Confirm with . or Enter, or press ? or * to list all spells.
You can't see any susceptible monsters within range! (Use Z to cast anyway.)
Casting: Searing Ray
Confirm with . or Enter, or press ? or * to list all spells.
Aiming: Searing Ray
Press: ? - help, Shift-Dir - straight line Something hits you.
* * * LOW HITPOINT WARNING * * *
Without enough magic to sustain it, your searing ray dissipates.
Something hits you but does no damage.
You miss something. Something hits you but does no damage. Something hits you.
You die...

#.....####.
#####.###...#..
#.##..#####...#
###....##......>.
##.....###........
####..##.##
#..###..#
####....###.####.#
##.#
#....######......#
#.#
#.##...@.).....#
#.#
############..##
..? ..# .. .)o.
#####


There were no monsters in sight!

Vanquished Creatures
  A worker ant (D:4)
  3 adders (D:2)
  An ooze (D:2)
  3 worms
  3 giant geckos
  3 orcs
  2 giant cockroaches (D:1)
  7 goblins
  14 hobgoblins
  A quokka (D:3)
  5 bats
  2 giant newts
  5 kobolds
  5 rats
55 creatures vanquished.

Notes
Turn   | Place    | Note
--------------------------------------------------------------
     0 | D:1      | Tomstefer the High Elf Conjurer began the quest for the Orb.
     0 | D:1      | Reached XP level 1. HP: 11/11 MP: 4/4
   676 | D:1      | Reached XP level 2. HP: 17/17 MP: 0/6
   853 | D:1      | Reached skill level 5 in Conjurations
  1303 | D:1      | Reached XP level 3. HP: 21/21 MP: 1/7
  2185 | D:2      | Reached skill level 6 in Conjurations
  2222 | D:2      | Learned a level 2 spell: Searing Ray
  2235 | D:2      | Reached XP level 4. HP: 27/27 MP: 1/8
  3147 | D:3      | Noticed Tomstefer's ghost (amateur TeCj)
  3536 | D:4      | Slain by an orc wizard

Vault maps used:
D:1:      dpeg_arrival_rooms_a
D:2:      grunt_decor_one_mirror
D:3:      first_bread
D:4:      minitemple, lightli_sewer_entry_pipes

Skill      XL: |  1  2  3 |
---------------+----------+-----
Conjurations   | 5 6 |  6.8
Dodging        | |  2.1
Stealth        | |  2.1
Spellcasting   | |  2.4

Action                   |  1- 3 |  4- 6 || total
-------------------------+-------+-------++-------
Melee: Unarmed           |    29 |       ||    29
       Mace              |     8 |       ||     8
       Spear             |     4 |       ||     4
       Long sword        |       |    12 ||    12
 Cast: Magic Dart        |    90 |    36 ||   126
       Searing Ray       |       |     6 ||     6
  Use: Scroll            |       |     5 ||     5
  Eat: Chunk             |     4 |     5 ||     9
